 Dungeon Crawl Stone Soup version 0.31-a0-232-gb1c03b2570 (webtiles) character file.

Game seed: 764995164703764218

478 qw the Shooter (level 7, -1/43 HPs)
             Began as a Gargoyle Hexslinger on July 7, 2023.
             Slain by an iguana (4 damage)
             ... on level 4 of the Dungeon.
             The game lasted 00:01:12 (2652 turns).

qw the Shooter (Gargoyle Hexslinger)                Turns: 2652, Time: 00:01:12

Health: -1/43      AC: 11    Str: 12    XL:     7   Next: 11%
Magic:  8/8        EV: 10    Int: 13    God:
Gold:   199        SH:  0    Dex: 14    Spells: 7/8 levels left

rFire   . . .        Y - +1 sling
rCold   . . .        (no shield)
rNeg    + . .        g - +0 ring mail
rPois   inf          d - +0 helmet
rElec   +            (no cloak)
rCorr   .            (no gloves)
SInv    +            (no boots)
Will    .....        e - amulet of the acrobat
Stlth   +            j - ring of see invisible
HPRegen 0.27/turn    (no ring)
MPRegen 0.11/turn

%: acrobat
@: no status effects
A: sickness immunity, AC +4, negative energy resistance 1, electricity
resistance, torment resistance 1, petrification resistance
a: no special abilities


You were on level 4 of the Dungeon.
You visited 1 branch of the dungeon, and saw 4 of its levels.

You collected 199 gold pieces.


Innate Abilities, Weirdness & Mutations

You are immune to sickness and miasma.
Your stone body is resilient. (AC +4)
You are immune to poison.
You resist negative energy. (rN+)
You are resistant to electric shocks. (rElec)
You are resistant to unholy torment.
You are immune to petrification.


   Skills:
 - Level 4.2 Fighting
 + Level 6.2 Ranged Weapons
 - Level 1.0 Armour
 - Level 1.5 Dodging
 - Level 1.0 Spellcasting
 - Level 2.6 Hexes


You had 7 spell levels left.
You knew the following spells:

 Your Spells              Type           Power      Damage    Failure   Level
a - Slow                  Hex            28%        N/A       22%         1

Your spell library contained the following spells:

 Spells                   Type           Power      Damage    Failure   Level
 Inner Flame              Hex/Fire       4%         N/A       73%         3
 Portal Projectile        Hex/Tloc       8%         N/A       73%         3
 Cause Fear               Hex            3%         N/A       91%         4

Inventory:

Hand Weapons
 Y - a +1 sling (weapon)
Armour
 d - a +0 helmet (worn)
 g - a +0 ring mail (worn)
Jewellery
 e - an amulet of the acrobat (around neck)
 j - a ring of see invisible (left hand)
Scrolls
 a - a scroll of identify
Potions
 b - a potion of brilliance {unknown}
 c - a potion of enlightenment
 f - a potion of degeneration {unknown}
 h - a potion of might
 i - 2 potions of curing
 k - a potion of attraction {unknown}

Dungeon Overview and Level Annotations

Branches:
Dungeon (4/15)
 Temple: D:4-7

Altars:
Cheibriados
Hepliaklqana
Kikubaaqudgha
Qazlal
Trog


Message History

You shoot a sling bullet.
The sling bullet hits the dart slug but does no damage.
The dart slug is severely wounded.
You shoot a sling bullet.
The sling bullet completely misses the dart slug.
Enter note: You shoot a sling bullet.
The sling bullet hits the iguana.
The iguana is moderately wounded.
The iguana misses you.
You shoot a sling bullet.
The sling bullet barely misses the iguana.
The sling bullet hits the dart slug.
You kill the dart slug!
The iguana bites you! The iguana bites you.
You shoot a sling bullet.
The sling bullet closely misses the iguana.
The iguana bites you.
You shoot a sling bullet. The sling bullet hits the iguana.
The iguana is moderately wounded.
The iguana closely misses you.
You shoot a sling bullet.
The sling bullet hits the iguana but does no damage.
The iguana is moderately wounded.
The iguana bites you!
You shoot a sling bullet.
The sling bullet hits the iguana but does no damage.
The iguana is moderately wounded.
The iguana bites you!
You shoot a sling bullet. The sling bullet hits the iguana.
The iguana is moderately wounded.
The iguana bites you.
You shoot a sling bullet.
The sling bullet hits the iguana but does no damage.
The iguana is moderately wounded.
The iguana bites you!
The iguana bites you but does no damage.
You shoot a sling bullet.
The sling bullet barely misses the iguana.
The iguana bites you.
You die...

......... #####.).#
#########%...
#######..........##
#.....'......#...#
#.....#......##..#
#.....#......##..#
#.....#......##..#
#.@...#......##..#
##l############..##
#%..l#sh ..##%..#
#.... S..#..#....#
#.... ..# ##..###
#....# ###[#......
############.#....
..............
.#######.#####


You could see an iguana.

Vanquished Creatures
  Sigmund (D:3)
  A phantom (D:4)
  A scorpion (D:4)
  A hound (D:4)
  A sleepcap (D:3)
  Robin (D:3)
  5 adders
  4 dart slugs
  5 ball pythons
  An endoplasm (D:4)
  5 giant cockroaches
  15 goblins
  7 hobgoblins
  2 jackals (D:3)
  4 quokkas
  A bat (D:2)
  5 frilled lizards
  3 kobolds
  13 rats
76 creatures vanquished.

Notes
Turn   | Place    | Note
-------+----------+-------------------------------------------
     0 | D:1      | qw the Gargoyle Hexslinger began the quest for the Orb.
     0 | D:1      | Reached XP level 1. HP: 12/12 MP: 2/2
     0 | D:1      | 0 ||| qw: Version: 0.3-a-46-gb1f654a
     0 | D:1      | 0 ||| qw: Game counter: 2264
     0 | D:1      | 0 ||| qw: Melee chars always use a shield: true
     0 | D:1      | 0 ||| qw: God list: Okawaru
     0 | D:1      | 0 ||| qw: Allow faded altars: false
     0 | D:1      | 0 ||| qw: Do Orc after clearing Dungeon:15 true
     0 | D:1      | 0 ||| qw: Do second Lair branch before Depths: true
     0 | D:1      | 0 ||| qw: Lair rune preference: random
     0 | D:1      | 0 ||| qw: Goals: Normal
     0 | D:1      | 0 ||| PLANNING D:1-11
   204 | D:1      | Reached XP level 2. HP: 16/16 MP: 3/3
   291 | D:1      | Reached skill level 3 in Ranged Weapons
   640 | D:1      | Reached XP level 3. HP: 21/21 MP: 4/4
   695 | D:1      | 695 ||| UPGRADING to +0 ring mail.
   705 | D:1      | 705 ||| DROPPING +0 robe.
   706 | D:1      | 706 ||| UPGRADING to amulet of the acrobat.
   711 | D:1      | 711 ||| UPGRADING to ring of see invisible.
   712 | D:1      | 712 ||| READING 3 scrolls labelled IMAFIU XAIMNU.
   713 | D:1      | 713 ||| READING scroll labelled PIM CURCHOVIOGH.
   714 | D:1      | 714 ||| READING 2 scrolls of identify.
   714 | D:1      | 714 ||| IDENTIFYING golden potion
   715 | D:1      | 715 ||| DROPPING scroll of poison.
   716 | D:1      | 716 ||| DROPPING potion of berserk rage.
   929 | D:2      | 929 ||| FLEEEEING.
  1201 | D:2      | 1201 ||| READING scroll labelled JEGELAR KIRYA.
  1202 | D:2      | 1202 ||| DRINKING 2 puce potions.
  1203 | D:2      | 1203 ||| READING 2 scrolls of identify.
  1203 | D:2      | 1203 ||| IDENTIFYING green potion
  1235 | D:3      | Noticed Sigmund
  1250 | D:3      | Killed Sigmund
  1251 | D:3      | Reached skill level 5 in Ranged Weapons
  1251 | D:3      | Reached XP level 4. HP: 26/26 MP: 5/5
  1251 | D:3      | Reached XP level 5. HP: 30/30 MP: 6/6
  1405 | D:3      | Noticed Robin
  1414 | D:3      | Reached skill level 1 in Armour
  1414 | D:3      | Reached XP level 6. HP: 35/35 MP: 7/7
  1423 | D:3      | Killed Robin
  1711 | D:3      | Found a snail-covered altar of Cheibriados.
  1711 | D:3      | Found a stormy altar of Qazlal.
  1718 | D:3      | Found an ancient bone altar of Kikubaaqudgha.
  1737 | D:3      | Found a hazy altar of Hepliaklqana.
  1739 | D:3      | Found a bloodstained altar of Trog.
  1941 | D:3      | Reached skill level 3 in Fighting
  2205 | D:3      | 2205 ||| UPGRADING to +0 helmet.
  2210 | D:3      | 2210 ||| READING scroll labelled ZANOODWYWOX.
  2211 | D:3      | 2211 ||| READING scroll labelled SAEPEO HARO.
  2212 | D:3      | 2212 ||| READING scroll labelled ITHRYGRE RYTUDO.
  2215 | D:3      | 2215 ||| READING 2 scrolls of identify.
  2215 | D:3      | 2215 ||| IDENTIFYING viscous cyan potion
  2293 | D:4      | Reached skill level 6 in Ranged Weapons
  2502 | D:4      | Reached XP level 7. HP: 15/43 MP: 8/8
  2635 | D:4      | Found the +10 tower shield of Ignorance {rN+ Int-4}
  2650 | D:4      | HP: 10/43 [iguana (6)]
  2651 | D:4      | HP: 3/43 [iguana (8)]
  2652 | D:4      | Slain by an iguana

Levels and vault maps discovered:
D:1:      dpeg_arrival_ratfight, layout_basic, chequers_jeans
D:2:      layout_basic
D:3:      layout_basic, chequers_temple_overflow_minitemple, hellmonk_no_cap,
          uniq_sigmund, uniq_robin
D:4:      minmay_clustersquares, layout_basic, uniq_duvessa, uniq_pikel

Skill      XL: |  1  2  3  4  5  6 |
---------------+-------------------+-----
Ranged Weapons | 3 5 6 |  6.2
Fighting       | 2 4 |  4.2
Armour         | 1 |  1.0
Dodging        | |  1.5
Spellcasting   | |  1.0
Hexes          | |  2.6

Action                     |  1- 3 |  4- 6 |  7- 9 || total
---------------------------+-------+-------+-------++-------
   Fire: Sling             |   136 |   158 |    27 ||   321
    Use: Scroll            |     5 |     4 |       ||     9
         Potion            |     1 |       |       ||     1
 Armour: Robe              |     2 |       |       ||     2
         Ring mail         |    18 |    50 |    14 ||    82
  Dodge: Dodged            |    38 |    61 |    10 ||   109

Table legend:
 A = Non-vault XP
 B = Vault XP
 C = Vault XP percentage of total XP
 D = Non-vault monster count
 E = Vault monster count
 F = Vault count percentage of total count
                 A         B        C        D         E       F
            +---------+---------+-------+---------+---------+-------
      Total |     344 |     339 |  49.6 |      52 |      24 |  31.6
            +---------+---------+-------+---------+---------+-------
        D:1 |      29 |       5 |  14.7 |      20 |       5 |  20.0
        D:2 |      38 |       0 |   0.0 |      15 |       0 |   0.0
        D:3 |      36 |     313 |  89.7 |      12 |      15 |  55.6
        D:4 |     241 |      21 |   8.0 |       5 |       4 |  44.4
            +---------+---------+-------+---------+---------+-------
